Dallas Stars vs Seattle Kraken

Created - mercredi, 26 novembre 2025 at 19:00

Goals
1 2 3 T
Dallas Stars 2 1 2 5
Seattle Kraken 1 1 1 3
Shots
1 2 3 T
Dallas Stars 6 8 9 23
Seattle Kraken 9 11 6 26

1st period

1. Dallas Stars , Matthew Tkachuk 10 (Jason Robertson 7, Noah Dobson 11) at 5:28
2. Seattle Kraken , Jack Eichel 12 (Joshua Norris 9, Tyler Seguin 10) at 16:16
3. Dallas Stars , Leo Carlsson 3 (Cole Sillinger 4, Miro Heiskanen 18) at 16:36

Penalties :
Jamie Benn (DAL) for Cross-checking (Minor) at 0:19, Moritz Seider (DAL) for Diving (Minor) at 12:30

2nd period

4. Dallas Stars , Logan Cooley 6 (Moritz Seider 17, Nico Daws) at 14:17 (PP)
5. Seattle Kraken , Joshua Norris 10 (Jack Eichel 13) at 19:28 (PP)

Penalties :
Haydn Fleury (SEA) for Roughing (Minor) at 1:06, Erik Gudbranson (SEA) for Hooking (Minor) at 13:59, Miro Heiskanen (DAL) for Interference (Minor) at 17:34

3rd period

6. Dallas Stars , Moritz Seider 4 (Matthew Tkachuk 12, Jamie Benn 4) at 3:01
7. Dallas Stars , Leo Carlsson 4 (J.J. Moser 6, Cole Sillinger 5) at 5:37
8. Seattle Kraken , Brandon Tanev 2 (Haydn Fleury 4, Uvis Balinskis 5) at 14:22 (PP)

Penalties :
Uvis Balinskis (SEA) for Hooking (Minor) at 5:40, Alexander Petrovic (DAL) for Roughing (Minor) at 14:06

Goalie Stats

Nico Daws (DAL), 23 saves from 26 shots - (0.885), W, 6-2-0, 60:00 minutes
Joey Daccord (SEA), 6 saves from 7 shots - (0.857), 16:59 minutes
Ales Stezka (SEA), 12 saves from 16 shots - (0.750), L, 2-3-0, 43:01 minutes

Players Stats for Dallas Stars

Player Name              G  A  P  +/- PIM S  H  SB GA TA FO     MP     PP MP  PK MP  
------------------------------------------------------------------------------------
Alexander Petrovic       0  0  0   0  2   0  2  1  0  0  0/0    13:08   0:00   0:00 
Cole Sillinger           0  2  2   2  0   1  2  0  0  0  12/18  13:18   0:00   2:54 
Colton Parayko           0  0  0   1  0   1  1  1  0  0  0/0    19:20   1:48   3:10 
J.J. Moser               0  1  1   0  0   0  1  1  0  0  0/0    16:22   0:00   2:58 
Jamie Benn               0  1  1   1  2   4  1  0  0  0  13/24  16:48   0:00   1:56 
Jason Robertson          0  1  1   1  0   1  1  0  0  0  0/2    16:26   1:30   0:03 
Jonathan Marchessault    0  0  0   0  0   0  2  0  0  0  0/1    17:55   2:46   0:03 
Kyle Connor              0  0  0   0  0   3  0  0  0  0  2/3    17:52   2:46   0:00 
Leo Carlsson             2  0  2   2  0   3  0  0  0  0  1/2    11:54   1:30   0:00 
Logan Cooley             1  0  1   0  0   2  2  0  0  0  8/18   17:52   2:46   0:00 
Matthew Tkachuk          1  1  2   1  0   2  3  0  0  0  1/2    16:23   1:30   0:00 
Mavrik Bourque           0  0  0   0  0   1  0  0  0  0  0/1     9:13   0:00   0:00 
Michael McCarron         0  0  0   0  0   0  1  0  0  0  11/16  12:24   0:00   3:11 
Miro Heiskanen           0  1  1   2  2   2  0  1  0  0  0/0    23:31   2:28   2:58 
Moritz Seider            1  1  2   2  2   1  3  0  0  0  0/0    25:40   1:48   2:06 
Noah Dobson              0  1  1   1  0   2  2  0  0  0  0/0    21:56   2:28   1:04 
Pontus Holmberg          0  0  0   0  0   0  0  1  0  0  0/0    10:11   0:00   0:58 
Trent Frederic           0  0  0   2  0   0  0  0  0  0  0/0    13:35   0:00   3:11 

Players Stats for Seattle Kraken

Player Name              G  A  P  +/- PIM S  H  SB GA TA FO     MP     PP MP  PK MP  
------------------------------------------------------------------------------------
Ben Hutton               0  0  0  -2  0   0  0  1  0  0  0/0    13:18   0:11   0:24 
Brandon Tanev            1  0  1  -3  0   3  0  0  0  0  2/5    20:06   2:54   0:00 
Erik Gudbranson          0  0  0  -1  2   0  2  1  0  0  0/0    17:38   2:34   1:31 
Haydn Fleury             0  1  1  -1  2   5  0  0  0  0  0/0    18:54   3:23   1:05 
Ilya Lyubushkin          0  0  0  -1  0   0  3  2  0  0  0/0    18:42   2:34   2:11 
Jack Eichel              1  1  2   1  0   6  1  0  0  0  12/24  24:30   3:03   2:09 
Jake DeBrusk             0  0  0  -3  0   2  0  0  0  0  7/12   18:31   0:11   0:04 
Jimmy Vesey              0  0  0  -3  0   1  0  0  0  0  2/2    19:47   2:54   0:00 
John Hayden              0  0  0  -1  0   0  2  0  0  0  5/9    16:46   3:03   2:07 
Joshua Brown             0  0  0  -2  0   0  4  2  0  0  0/0    15:05   0:11   1:50 
Joshua Norris            1  1  2   1  0   5  4  0  0  0  0/0    23:03   3:03   2:07 
Kyle Burroughs           0  0  0   1  0   0  1  2  0  0  0/0     9:46   0:00   1:15 
Linus Karlsson           0  0  0  -1  0   1  0  0  0  0  5/19   13:21   0:11   0:00 
Tye Kartye               0  0  0   0  0   1  2  0  0  0  4/7     7:45   0:00   0:00 
Tyler Seguin             0  1  1   1  0   0  0  0  0  0  2/8    17:56   2:54   2:05 
Uvis Balinskis           0  1  1  -1  2   0  1  1  0  0  0/0    18:26   3:23   0:16 
William Lagesson         0  0  0   1  0   0  0  1  0  0  0/0     8:31   0:00   0:00 
Yanni Gourde             0  0  0  -1  0   2  1  0  0  0  0/1    13:36   0:11   0:00 

3 Stars

1 - Leo Carlsson (DAL)
2 - Matthew Tkachuk (DAL)
3 - Moritz Seider (DAL)

Power Play

Dallas Stars - 1 on 3 Attempt(s) - 33.33%
Seattle Kraken - 2 on 4 Attempt(s) - 50.00%

Penalty Kill

Dallas Stars - 2 on 4 Attempt(s) - 50.00% - Score 0 goal in Penalty Kill
Seattle Kraken - 2 on 3 Attempt(s) - 66.67% - Score 0 goal in Penalty Kill

Team Stat

Dallas Stars - Hits : 21 - Faceoff Wins : 48 - Blocked Shots : 5 - Penalty Minutes : 8
Seattle Kraken - Hits : 21 - Faceoff Wins : 39 - Blocked Shots : 10 - Penalty Minutes : 6

Official

Referees : Justin Kea and Jean Hebert
Linesman : Jonathan Deschamps and Bryan Pancich

Game Notes

Joey Daccord enters game at 3:01 of 3rd period

Finance

Level 1 -- Attendance: 10000 (100.00%) -- Ticket Income $ 880 000
Level 2 -- Attendance: 1773 (88.65%) -- Ticket Income $ 129 429
Level 3 -- Attendance: 2812 (80.34%) -- Ticket Income $ 126 540
Level 4 -- Attendance: 1267 (87.38%) -- Ticket Income $ 38 010
Luxury Box -- Attendance: 48 (96.00%) -- Ticket Income $ 10 416
Game was played at the Climate Pledge Arena.
Total Attendance: 15900 (93.53%)
Total Ticket Income: $ 1 184 395
Total Income: $ 1 184 395

Dallas Stars

5 vs 5 Forward 
   Center                   Left Wing                Right Wing               Time % Phy DF OF 
 1 Jamie Benn               Matthew Tkachuk          Jason Robertson          35     0   1  4  
 2 Logan Cooley             Kyle Connor              Jonathan Marchessault    30     1   2  2  
 3 Cole Sillinger           Trent Frederic           Leo Carlsson             20     2   2  1  
 4 Michael McCarron         Pontus Holmberg          Mavrik Bourque           15     3   2  0  

5 vs 5 Defense 
   Defense                  Defense                                           Time % Phy DF OF 
 1 Miro Heiskanen           Moritz Seider                                     35     1   3  1  
 2 Noah Dobson              Colton Parayko                                    30     2   2  1  
 3 J.J. Moser               Alexander Petrovic                                20     3   2  0  
 4 Noah Dobson              Moritz Seider                                     15     1   4  0  

PowerPlay Forward 
   Center                   Left Wing                Right Wing               Time % Phy DF OF 
 1 Logan Cooley             Kyle Connor              Jonathan Marchessault    60     0   1  4  
 2 Leo Carlsson             Matthew Tkachuk          Jason Robertson          40     1   1  3  

PowerPlay Defense
   Defense                  Defense                                           Time % Phy DF OF 
 1 Miro Heiskanen           Noah Dobson                                       60     1   3  1  
 2 Moritz Seider            Colton Parayko                                    40     2   2  1  

Penalty Kill 4 Players Forward 
   Center                   Wing                     Time % Phy DF OF 
 1 Michael McCarron         Trent Frederic           55     2   3  0  
 2 Jamie Benn               Cole Sillinger           45     3   2  0  

Penalty Kill 4 Players Defense
   Defense                  Defense                  Time % Phy DF OF 
 1 Colton Parayko           Miro Heiskanen           55     2   3  0  
 2 Moritz Seider            J.J. Moser               45     3   2  0  

Penalty Kill - 3 Players Forward 
   Forward                                           Time % Phy DF OF 
 1 Trent Frederic                                    60     1   4  0  
 2 Cole Sillinger                                    40     2   3  0  

Penalty Kill - 3 Players Defense
   Defense                  Defense                  Time % Phy DF OF 
 1 Colton Parayko           Miro Heiskanen           60     1   4  0  
 2 Moritz Seider            J.J. Moser               40     2   3  0  

4 vs 4 Forward 
   Center                   Wing                     Time % Phy DF OF 
 1 Logan Cooley             Kyle Connor              55     1   1  3  
 2 Leo Carlsson             Matthew Tkachuk          45     2   2  1  

4 vs 4 Defense
   Defense                  Defense                  Time % Phy DF OF 
 1 Miro Heiskanen           Moritz Seider            55     1   1  3  
 2 Noah Dobson              Colton Parayko           45     2   2  1  

Last Minutes Offensive
   Center                   Left Wing                Right Wing               Defense                  Defense                  
   Logan Cooley             Kyle Connor              Jason Robertson          Miro Heiskanen           Noah Dobson              

Last Minutes Defensive
   Center                   Left Wing                Right Wing               Defense                  Defense                  
   Michael McCarron         Jamie Benn               Trent Frederic           Moritz Seider            Colton Parayko           

Goaltenders
Starting : Nico Daws                
Backup : Ukko-Pekka Luukkonen     

Extra Forwards
Normal : Jason Robertson, Leo Carlsson, Cole Sillinger - PP : Kyle Connor, Mavrik Bourque - PK : Pontus Holmberg
Extra Defensemen
Normal : Noah Dobson, J.J. Moser, Alexander Petrovic - PP : Colton Parayko - PK : Moritz Seider, Miro Heiskanen
Penalty Shots
Kyle Connor, Jason Robertson, Noah Dobson, Leo Carlsson, Matthew Tkachuk
Custom OT Lines Forwards
Logan Cooley, Kyle Connor, Jason Robertson, Leo Carlsson, Matthew Tkachuk, Jonathan Marchessault, Cole Sillinger, Mavrik Bourque, Jamie Benn, Pontus Holmberg
Custom OT Lines Defensemen
Miro Heiskanen, Moritz Seider, Noah Dobson, Colton Parayko, J.J. Moser

Scratches
None

Seattle Kraken

5 vs 5 Forward 
   Center                   Left Wing                Right Wing               Time % Phy DF OF 
 1 Jack Eichel              Joshua Norris            Tyler Seguin             30     1   2  2  
 2 Jake DeBrusk             Brandon Tanev            Jimmy Vesey              30     1   2  2  
 3 Linus Karlsson           John Hayden              Yanni Gourde             25     1   2  2  
 4 Tye Kartye               Jack Eichel              Joshua Norris            15     1   2  2  

5 vs 5 Defense 
   Defense                  Defense                                           Time % Phy DF OF 
 1 Ilya Lyubushkin          Erik Gudbranson                                   30     1   2  2  
 2 Uvis Balinskis           Haydn Fleury                                      30     1   2  2  
 3 Ben Hutton               Joshua Brown                                      25     1   2  2  
 4 Kyle Burroughs           William Lagesson                                  15     1   2  2  

PowerPlay Forward 
   Center                   Left Wing                Right Wing               Time % Phy DF OF 
 1 John Hayden              Jack Eichel              Joshua Norris            50     1   2  2  
 2 Tyler Seguin             Brandon Tanev            Jimmy Vesey              50     1   2  2  

PowerPlay Defense
   Defense                  Defense                                           Time % Phy DF OF 
 1 Ilya Lyubushkin          Erik Gudbranson                                   50     1   2  2  
 2 Uvis Balinskis           Haydn Fleury                                      50     1   2  2  

Penalty Kill 4 Players Forward 
   Center                   Wing                     Time % Phy DF OF 
 1 Jack Eichel              Tyler Seguin             50     1   2  2  
 2 John Hayden              Joshua Norris            50     1   2  2  

Penalty Kill 4 Players Defense
   Defense                  Defense                  Time % Phy DF OF 
 1 Ilya Lyubushkin          Erik Gudbranson          50     1   2  2  
 2 Uvis Balinskis           Haydn Fleury             50     1   2  2  

Penalty Kill - 3 Players Forward 
   Forward                                           Time % Phy DF OF 
 1 Linus Karlsson                                    50     1   2  2  
 2 John Hayden                                       50     1   2  2  

Penalty Kill - 3 Players Defense
   Defense                  Defense                  Time % Phy DF OF 
 1 Ilya Lyubushkin          Erik Gudbranson          50     1   2  2  
 2 Uvis Balinskis           Haydn Fleury             50     1   2  2  

4 vs 4 Forward 
   Center                   Wing                     Time % Phy DF OF 
 1 Joshua Norris            Brandon Tanev            50     1   2  2  
 2 John Hayden              Jack Eichel              50     1   2  2  

4 vs 4 Defense
   Defense                  Defense                  Time % Phy DF OF 
 1 Ilya Lyubushkin          Erik Gudbranson          50     1   2  2  
 2 Uvis Balinskis           Haydn Fleury             50     1   2  2  

Last Minutes Offensive
   Center                   Left Wing                Right Wing               Defense                  Defense                  
   Jack Eichel              Joshua Norris            Tyler Seguin             Ilya Lyubushkin          Erik Gudbranson          

Last Minutes Defensive
   Center                   Left Wing                Right Wing               Defense                  Defense                  
   Jack Eichel              Joshua Norris            Tyler Seguin             Ilya Lyubushkin          Erik Gudbranson          

Goaltenders
Starting : Ales Stezka              
Backup : Joey Daccord             

Extra Forwards
Normal : Linus Karlsson, John Hayden, Brandon Tanev - PP : Linus Karlsson, John Hayden - PK : John Hayden
Extra Defensemen
Normal : Ben Hutton, Joshua Brown, Kyle Burroughs - PP : Ben Hutton - PK : Joshua Brown, Kyle Burroughs
Penalty Shots
John Hayden, Jimmy Vesey, Linus Karlsson, Jack Eichel, Brandon Tanev
Custom OT Lines Forwards
Jack Eichel, Joshua Norris, Tyler Seguin, Jake DeBrusk, Brandon Tanev, Jimmy Vesey, Linus Karlsson, John Hayden, Yanni Gourde, Tye Kartye
Custom OT Lines Defensemen
Ilya Lyubushkin, Erik Gudbranson, Uvis Balinskis, Haydn Fleury, Ben Hutton

Scratches
Dominic Toninato (Healthy), Ryan Winterton (Healthy)

% Time on Ice - Dallas Stars

Lines # - Real PCT - Wanted PCT - Time Play
Normal Forward
1 - 30% - 35% - 14:53
2 - 30% - 30% - 15:06
3 - 21% - 20% - 10:24
4 - 19% - 15% - 9:13
Normal Defense
1 - 36% - 35% - 17:47
2 - 29% - 30% - 14:25
3 - 26% - 20% - 13:06
4 - 9% - 15% - 4:18
PP Forward
1 - 65% - 60% - 2:46
2 - 35% - 40% - 1:30
PP Defense
1 - 58% - 60% - 2:28
2 - 42% - 40% - 1:48
PK Forward
1 - 52% - 55% - 3:11
2 - 48% - 45% - 2:57
PK Defense
1 - 55% - 55% - 3:23
2 - 45% - 45% - 2:45
PK3 Forward
1 - 0% - 60%
2 - 0% - 40%
PK3 Defense
1 - 0% - 60%
2 - 0% - 40%
44 Forward
1 - 0% - 55%
2 - 0% - 45%
44 Defense
1 - 0% - 55%
2 - 0% - 45%
Last Minute Offensive  - 0:00
Last Minute Defensive  - 0:00
Total
Forward - 60:00
Defense - 60:00

% Time on Ice - Seattle Kraken

Lines # - Real PCT - Wanted PCT - Time Play
Normal Forward
1 - 28% - 30% - 13:39
2 - 32% - 30% - 15:56
3 - 26% - 25% - 13:06
4 - 14% - 15% - 6:55
Normal Defense
1 - 27% - 30% - 13:34
2 - 30% - 30% - 14:48
3 - 26% - 25% - 12:43
4 - 17% - 15% - 8:31
PP Forward
1 - 53% - 50% - 3:14
2 - 47% - 50% - 2:54
PP Defense
1 - 45% - 50% - 2:45
2 - 55% - 50% - 3:23
PK Forward
1 - 50% - 50% - 2:09
2 - 50% - 50% - 2:07
PK Defense
1 - 36% - 50% - 1:33
2 - 64% - 50% - 2:43
PK3 Forward
1 - 0% - 50%
2 - 0% - 50%
PK3 Defense
1 - 0% - 50%
2 - 0% - 50%
44 Forward
1 - 0% - 50%
2 - 0% - 50%
44 Defense
1 - 0% - 50%
2 - 0% - 50%
Last Minute Offensive  - 0:00
Last Minute Defensive  - 0:00
Total
Forward - 60:00
Defense - 60:00

Play-by-Play

1st period


0:01 of 1st period - Jack Eichel wins face-off versus Matthew Tkachuk in neutral zone.
0:04 of 1st period - Miro Heiskanen is hit by Joshua Norris and loses puck.
0:15 of 1st period - Ilya Lyubushkin is hit by Matthew Tkachuk and loses puck.
0:19 of 1st period - Minor Penalty to Jamie Benn for Cross-checking.
0:20 of 1st period - Michael McCarron wins face-off versus Tyler Seguin in Dallas Stars zone.
1:30 of 1st period - Joshua Norris is hit by Moritz Seider and loses puck.
2:21 of 1st period - Shot by Tye Kartye.
2:21 of 1st period - Stopped by Nico Daws without a rebound.
2:22 of 1st period - Kyle Connor wins face-off versus Linus Karlsson in Dallas Stars zone.
2:22 of 1st period - Logan Cooley is hit by Yanni Gourde and loses puck.
3:27 of 1st period - Shot by Joshua Norris.
3:27 of 1st period - Stopped by Nico Daws with a rebound.
5:20 of 1st period - Off-side.
5:21 of 1st period - Jamie Benn wins face-off versus Linus Karlsson in neutral zone.
5:28 of 1st period - Shot by Matthew Tkachuk.
5:28 of 1st period - Goal by Matthew Tkachuk - Dallas Stars : 1 - Seattle Kraken : 0.
5:29 of 1st period - Cole Sillinger wins face-off versus Linus Karlsson in neutral zone.
5:34 of 1st period - Shot by Leo Carlsson.
5:34 of 1st period - Shot Blocked by William Lagesson.
5:51 of 1st period - Leo Carlsson is hit by Kyle Burroughs and loses puck.
6:08 of 1st period - Brandon Tanev is hit by Cole Sillinger and loses puck.
6:39 of 1st period - Shot by Jonathan Marchessault.
6:39 of 1st period - Shot Blocked by Joshua Brown.
7:06 of 1st period - Shot by Matthew Tkachuk.
7:06 of 1st period - Shot Blocked by Ben Hutton.
8:06 of 1st period - Shot by Tyler Seguin.
8:06 of 1st period - Shot Misses the Net.
8:44 of 1st period - Mavrik Bourque is hit by Ilya Lyubushkin and loses puck.
8:49 of 1st period - Shot by Haydn Fleury.
8:49 of 1st period - Stopped by Nico Daws without a rebound.
8:50 of 1st period - Jack Eichel wins face-off versus Logan Cooley in Dallas Stars zone.
8:59 of 1st period - Jack Eichel is hit by Logan Cooley and loses puck.
9:12 of 1st period - Shot by Logan Cooley.
9:12 of 1st period - Shot Misses the Net.
9:16 of 1st period - Shot by Logan Cooley.
9:16 of 1st period - Shot Misses the Net.
9:18 of 1st period - Shot by Colton Parayko.
9:18 of 1st period - Shot Misses the Net.
9:24 of 1st period - Shot by Kyle Connor.
9:24 of 1st period - Shot Misses the Net.
9:33 of 1st period - Icing by Jack Eichel.
9:34 of 1st period - Jamie Benn wins face-off versus Jack Eichel in Seattle Kraken zone.
9:49 of 1st period - Shot by Jason Robertson.
9:49 of 1st period - Stopped by Ales Stezka without a rebound.
9:50 of 1st period - Jake DeBrusk wins face-off versus Cole Sillinger in Seattle Kraken zone.
10:02 of 1st period - Shot by Jake DeBrusk.
10:02 of 1st period - Stopped by Nico Daws with a rebound.
10:04 of 1st period - Shot by Brandon Tanev.
10:04 of 1st period - Shot Blocked by Alexander Petrovic.
10:06 of 1st period - Shot by Brandon Tanev.
10:06 of 1st period - Stopped by Nico Daws with a rebound.
10:25 of 1st period - Icing by Alexander Petrovic.
10:26 of 1st period - Cole Sillinger wins face-off versus Linus Karlsson in Dallas Stars zone.
10:40 of 1st period - Icing by Alexander Petrovic.
10:41 of 1st period - Cole Sillinger wins face-off versus Tye Kartye in Dallas Stars zone.
10:41 of 1st period - Cole Sillinger is hit by Tye Kartye.
11:04 of 1st period - Off-side.
11:05 of 1st period - Jake DeBrusk wins face-off versus Kyle Connor in neutral zone.
11:07 of 1st period - Ilya Lyubushkin is hit by Jonathan Marchessault and loses puck.
11:20 of 1st period - Shot by Jake DeBrusk.
11:20 of 1st period - Shot Misses the Net.
11:25 of 1st period - Brandon Tanev is hit by Moritz Seider.
11:29 of 1st period - Shot by Ilya Lyubushkin.
11:29 of 1st period - Shot Misses the Net.
11:40 of 1st period - Icing by Moritz Seider.
11:41 of 1st period - Jack Eichel wins face-off versus Logan Cooley in Dallas Stars zone.
11:42 of 1st period - Shot by Joshua Norris.
11:42 of 1st period - Stopped by Nico Daws without a rebound.
11:43 of 1st period - Jamie Benn wins face-off versus Linus Karlsson in Dallas Stars zone.
11:49 of 1st period - Shot by Matthew Tkachuk.
11:49 of 1st period - Deflect By Jamie Benn.
11:49 of 1st period - Stopped by Ales Stezka without a rebound.
11:50 of 1st period - Jamie Benn wins face-off versus Jack Eichel in Seattle Kraken zone.
11:51 of 1st period - Shot by Matthew Tkachuk.
11:51 of 1st period - Stopped by Ales Stezka without a rebound.
11:52 of 1st period - Jack Eichel wins face-off versus Jason Robertson in Seattle Kraken zone.
11:57 of 1st period - Shot by Haydn Fleury.
11:57 of 1st period - Stopped by Nico Daws with a rebound.
12:00 of 1st period - Icing by Moritz Seider.
12:01 of 1st period - Jamie Benn wins face-off versus John Hayden in Dallas Stars zone.
12:12 of 1st period - Shot by Matthew Tkachuk.
12:12 of 1st period - Deflect By Jamie Benn.
12:12 of 1st period - Stopped by Ales Stezka without a rebound.
12:13 of 1st period - Jack Eichel wins face-off versus Logan Cooley in Seattle Kraken zone.
12:30 of 1st period - Minor Penalty to Moritz Seider for Diving.
12:31 of 1st period - Michael McCarron wins face-off versus Brandon Tanev in Dallas Stars zone.
12:37 of 1st period - Icing by Brandon Tanev.
12:38 of 1st period - Michael McCarron wins face-off versus Tyler Seguin in Seattle Kraken zone.
12:50 of 1st period - Icing by Ilya Lyubushkin.
12:51 of 1st period - Tyler Seguin wins face-off versus Michael McCarron in Seattle Kraken zone.
13:02 of 1st period - Shot by Jimmy Vesey.
13:02 of 1st period - Shot Misses the Net.
13:23 of 1st period - Icing by Jack Eichel.
13:24 of 1st period - John Hayden wins face-off versus Jamie Benn in Seattle Kraken zone.
13:40 of 1st period - Icing by Uvis Balinskis.
13:41 of 1st period - John Hayden wins face-off versus Michael McCarron in Seattle Kraken zone.
14:05 of 1st period - Icing by Jack Eichel.
14:06 of 1st period - Jamie Benn wins face-off versus Jack Eichel in Seattle Kraken zone.
15:19 of 1st period - Icing by Ilya Lyubushkin.
15:20 of 1st period - Jamie Benn wins face-off versus Linus Karlsson in Seattle Kraken zone.
15:23 of 1st period - Shot by Matthew Tkachuk.
15:23 of 1st period - Shot Blocked by Ilya Lyubushkin.
15:41 of 1st period - Jamie Benn is hit by Erik Gudbranson and loses puck.
16:16 of 1st period - Shot by Jack Eichel.
16:16 of 1st period - Goal by Jack Eichel - Dallas Stars : 1 - Seattle Kraken : 1.
16:17 of 1st period - Cole Sillinger wins face-off versus Jake DeBrusk in neutral zone.
16:23 of 1st period - Brandon Tanev is hit by Cole Sillinger and loses puck.
16:29 of 1st period - Cole Sillinger is hit by Joshua Brown and loses puck.
16:36 of 1st period - Shot by Leo Carlsson.
16:36 of 1st period - Goal by Leo Carlsson - Dallas Stars : 2 - Seattle Kraken : 1.
16:37 of 1st period - Jack Eichel wins face-off versus Logan Cooley in neutral zone.
16:49 of 1st period - Joshua Norris is hit by Colton Parayko and loses puck.
17:25 of 1st period - Jack Eichel is hit by Michael McCarron and loses puck.
18:00 of 1st period - Shot by Jake DeBrusk.
18:00 of 1st period - Shot Misses the Net.
18:02 of 1st period - Shot by Ilya Lyubushkin.
18:02 of 1st period - Shot Blocked by Miro Heiskanen.
18:16 of 1st period - Icing by Moritz Seider.
18:17 of 1st period - Michael McCarron wins face-off versus Linus Karlsson in Dallas Stars zone.
18:57 of 1st period - Icing by Noah Dobson.
18:58 of 1st period - Brandon Tanev wins face-off versus Cole Sillinger in Dallas Stars zone.
19:03 of 1st period - Shot by Jake DeBrusk.
19:03 of 1st period - Shot Blocked by Colton Parayko.
19:25 of 1st period - Shot by Jimmy Vesey.
19:25 of 1st period - Stopped by Nico Daws without a rebound.
19:26 of 1st period - Logan Cooley wins face-off versus Tye Kartye in Dallas Stars zone.
Goals for this period are 2 for Dallas Stars vs 1 for Seattle Kraken.
Shots for this period are 6 for Dallas Stars vs 9 for Seattle Kraken.

2nd period


0:01 of 2nd period - Jake DeBrusk wins face-off versus Jamie Benn in neutral zone.
1:06 of 2nd period - Minor Penalty to Haydn Fleury for Roughing.
1:07 of 2nd period - Jack Eichel wins face-off versus Logan Cooley in Seattle Kraken zone.
1:21 of 2nd period - Icing by Kyle Connor.
1:22 of 2nd period - Jack Eichel wins face-off versus Logan Cooley in Dallas Stars zone.
1:35 of 2nd period - Shot by Miro Heiskanen.
1:35 of 2nd period - Shot Misses the Net.
1:37 of 2nd period - Shot by Noah Dobson.
1:37 of 2nd period - Stopped by Ales Stezka without a rebound.
1:38 of 2nd period - Leo Carlsson wins face-off versus Jack Eichel in Seattle Kraken zone.
1:55 of 2nd period - Shot by Moritz Seider.
1:55 of 2nd period - Shot Misses the Net.
3:18 of 2nd period - Icing by William Lagesson.
3:19 of 2nd period - Jake DeBrusk wins face-off versus Michael McCarron in Seattle Kraken zone.
3:51 of 2nd period - Shot by Haydn Fleury.
3:51 of 2nd period - Stopped by Nico Daws without a rebound.
3:52 of 2nd period - Linus Karlsson wins face-off versus Logan Cooley in Dallas Stars zone.
4:17 of 2nd period - Shot by Kyle Connor.
4:17 of 2nd period - Deflect By Logan Cooley.
4:17 of 2nd period - Shot Blocked by Joshua Brown.
4:19 of 2nd period - Shot by Miro Heiskanen.
4:19 of 2nd period - Stopped by Ales Stezka without a rebound.
4:20 of 2nd period - Jack Eichel wins face-off versus Jamie Benn in Seattle Kraken zone.
4:37 of 2nd period - Shot by Jack Eichel.
4:37 of 2nd period - Stopped by Nico Daws without a rebound.
4:38 of 2nd period - Brandon Tanev wins face-off versus Cole Sillinger in Dallas Stars zone.
4:39 of 2nd period - Shot by Jake DeBrusk.
4:39 of 2nd period - Shot Misses the Net.
4:59 of 2nd period - Trent Frederic is hit by Erik Gudbranson and loses puck.
5:46 of 2nd period - Haydn Fleury is hit by Matthew Tkachuk and loses puck.
6:50 of 2nd period - Icing by Joshua Brown.
6:51 of 2nd period - Michael McCarron wins face-off versus Linus Karlsson in Seattle Kraken zone.
7:04 of 2nd period - Shot by Yanni Gourde.
7:04 of 2nd period - Deflect By John Hayden.
7:04 of 2nd period - Shot Blocked by Pontus Holmberg.
7:41 of 2nd period - Icing by Erik Gudbranson.
7:42 of 2nd period - Logan Cooley wins face-off versus Jake DeBrusk in Seattle Kraken zone.
7:42 of 2nd period - Logan Cooley is hit by Ilya Lyubushkin.
7:46 of 2nd period - Shot by Jonathan Marchessault.
7:46 of 2nd period - Shot Misses the Net.
7:48 of 2nd period - Shot by Noah Dobson.
7:48 of 2nd period - Shot Misses the Net.
7:54 of 2nd period - Shot by Kyle Connor.
7:54 of 2nd period - Shot Misses the Net.
7:56 of 2nd period - Shot by Colton Parayko.
7:56 of 2nd period - Stopped by Ales Stezka with a rebound.
7:58 of 2nd period - Shot by Colton Parayko.
7:58 of 2nd period - Shot Misses the Net.
8:00 of 2nd period - Shot by Kyle Connor.
8:00 of 2nd period - Shot Misses the Net.
8:02 of 2nd period - Shot by Kyle Connor.
8:02 of 2nd period - Shot Hit the Post.
8:47 of 2nd period - Cole Sillinger is hit by Ilya Lyubushkin.
9:33 of 2nd period - Off-side.
9:34 of 2nd period - Michael McCarron wins face-off versus Linus Karlsson in neutral zone.
10:33 of 2nd period - Icing by Uvis Balinskis.
10:34 of 2nd period - Cole Sillinger wins face-off versus Jack Eichel in Seattle Kraken zone.
10:36 of 2nd period - Leo Carlsson is hit by Uvis Balinskis and loses puck.
10:40 of 2nd period - Icing by Uvis Balinskis.
10:41 of 2nd period - Jamie Benn wins face-off versus Jack Eichel in Seattle Kraken zone.
10:42 of 2nd period - Shot by Matthew Tkachuk.
10:42 of 2nd period - Deflect By Jamie Benn.
10:42 of 2nd period - Stopped by Ales Stezka without a rebound.
10:43 of 2nd period - Tye Kartye wins face-off versus Jamie Benn in Seattle Kraken zone.
10:45 of 2nd period - Jack Eichel is hit by Jason Robertson and loses puck.
11:06 of 2nd period - Shot by Jack Eichel.
11:06 of 2nd period - Shot Misses the Net.
11:44 of 2nd period - Shot by Kyle Connor.
11:44 of 2nd period - Stopped by Ales Stezka with a rebound.
11:46 of 2nd period - Shot by Noah Dobson.
11:46 of 2nd period - Stopped by Ales Stezka without a rebound.
11:47 of 2nd period - Linus Karlsson wins face-off versus Cole Sillinger in Seattle Kraken zone.
12:23 of 2nd period - Icing by Alexander Petrovic.
12:24 of 2nd period - Cole Sillinger wins face-off versus Tyler Seguin in Dallas Stars zone.
12:24 of 2nd period - Cole Sillinger is hit by Joshua Norris.
12:30 of 2nd period - Shot by Jack Eichel.
12:30 of 2nd period - Stopped by Nico Daws without a rebound.
12:31 of 2nd period - Jake DeBrusk wins face-off versus Logan Cooley in Dallas Stars zone.
12:38 of 2nd period - Shot by Logan Cooley.
12:38 of 2nd period - Shot Misses the Net.
13:34 of 2nd period - Shot by Jack Eichel.
13:34 of 2nd period - Stopped by Nico Daws with a rebound.
13:36 of 2nd period - Shot by Joshua Norris.
13:36 of 2nd period - Stopped by Nico Daws without a rebound.
13:37 of 2nd period - Tye Kartye wins face-off versus Mavrik Bourque in Dallas Stars zone.
13:41 of 2nd period - Joshua Norris is hit by Noah Dobson and loses puck.
13:45 of 2nd period - Icing by Colton Parayko.
13:46 of 2nd period - Linus Karlsson wins face-off versus Michael McCarron in Dallas Stars zone.
13:46 of 2nd period - Ilya Lyubushkin is hit by Noah Dobson and loses puck.
13:49 of 2nd period - Shot by Yanni Gourde.
13:49 of 2nd period - Stopped by Nico Daws without a rebound.
13:50 of 2nd period - Jack Eichel wins face-off versus Jamie Benn in Dallas Stars zone.
13:51 of 2nd period - Shot by Joshua Norris.
13:51 of 2nd period - Stopped by Nico Daws without a rebound.
13:52 of 2nd period - Jamie Benn wins face-off versus Jack Eichel in Dallas Stars zone.
13:52 of 2nd period - Jamie Benn is hit by Joshua Norris.
13:59 of 2nd period - Minor Penalty to Erik Gudbranson for Hooking.
14:00 of 2nd period - John Hayden wins face-off versus Logan Cooley in Seattle Kraken zone.
14:17 of 2nd period - Shot by Logan Cooley.
14:17 of 2nd period - Goal by Logan Cooley - Dallas Stars : 3 - Seattle Kraken : 1.
14:18 of 2nd period - Matthew Tkachuk wins face-off versus Jack Eichel in neutral zone.
14:46 of 2nd period - Shot by Joshua Norris.
14:46 of 2nd period - Shot Misses the Net.
15:15 of 2nd period - Icing by Moritz Seider.
15:16 of 2nd period - Logan Cooley wins face-off versus Linus Karlsson in Dallas Stars zone.
15:29 of 2nd period - Shot by Kyle Connor.
15:29 of 2nd period - Shot Misses the Net.
15:31 of 2nd period - Shot by Jonathan Marchessault.
15:31 of 2nd period - Shot Misses the Net.
16:02 of 2nd period - Off-side.
16:03 of 2nd period - Michael McCarron wins face-off versus Jake DeBrusk in neutral zone.
16:29 of 2nd period - Shot by Brandon Tanev.
16:29 of 2nd period - Stopped by Nico Daws without a rebound.
16:30 of 2nd period - Jack Eichel wins face-off versus Jamie Benn in Dallas Stars zone.
16:30 of 2nd period - Jack Eichel is hit by J.J. Moser.
16:35 of 2nd period - Icing by Jason Robertson.
16:36 of 2nd period - Jamie Benn wins face-off versus Jack Eichel in Dallas Stars zone.
16:36 of 2nd period - Jamie Benn is hit by Joshua Norris.
17:34 of 2nd period - Shot by Jake DeBrusk.
17:34 of 2nd period - Stopped by Nico Daws without a rebound.
17:34 of 2nd period - Minor Penalty to Miro Heiskanen for Interference.
17:35 of 2nd period - Michael McCarron wins face-off versus John Hayden in Dallas Stars zone.
17:35 of 2nd period - Michael McCarron is hit by John Hayden.
18:04 of 2nd period - Shot by Jack Eichel.
18:04 of 2nd period - Stopped by Nico Daws without a rebound.
18:05 of 2nd period - Cole Sillinger wins face-off versus Brandon Tanev in Dallas Stars zone.
18:29 of 2nd period - Icing by Haydn Fleury.
18:30 of 2nd period - Michael McCarron wins face-off versus Tyler Seguin in Seattle Kraken zone.
19:00 of 2nd period - Icing by Ilya Lyubushkin.
19:01 of 2nd period - John Hayden wins face-off versus Jamie Benn in Seattle Kraken zone.
19:03 of 2nd period - Icing by Jack Eichel.
19:04 of 2nd period - Cole Sillinger wins face-off versus John Hayden in Seattle Kraken zone.
19:26 of 2nd period - Shot by Jack Eichel.
19:26 of 2nd period - Shot Misses the Net.
19:28 of 2nd period - Shot by Joshua Norris.
19:28 of 2nd period - Goal by Joshua Norris - Dallas Stars : 3 - Seattle Kraken : 2.
19:29 of 2nd period - Logan Cooley wins face-off versus Linus Karlsson in neutral zone.
19:34 of 2nd period - Shot by Kyle Connor.
19:34 of 2nd period - Stopped by Ales Stezka without a rebound.
19:35 of 2nd period - Logan Cooley wins face-off versus Jake DeBrusk in Seattle Kraken zone.
19:55 of 2nd period - Icing by Moritz Seider.
19:56 of 2nd period - Logan Cooley wins face-off versus Linus Karlsson in Dallas Stars zone.
19:56 of 2nd period - Logan Cooley is hit by John Hayden.
Goals for this period are 1 for Dallas Stars vs 1 for Seattle Kraken.
Shots for this period are 8 for Dallas Stars vs 11 for Seattle Kraken.

3rd period


0:01 of 3rd period - Jamie Benn wins face-off versus Jack Eichel in neutral zone.
1:47 of 3rd period - Shot by Logan Cooley.
1:47 of 3rd period - Shot Misses the Net.
1:49 of 3rd period - Shot by Logan Cooley.
1:49 of 3rd period - Stopped by Ales Stezka without a rebound.
1:50 of 3rd period - Linus Karlsson wins face-off versus Michael McCarron in Seattle Kraken zone.
2:01 of 3rd period - Shot by Linus Karlsson.
2:01 of 3rd period - Deflect By Yanni Gourde.
2:01 of 3rd period - Shot Misses the Net.
2:06 of 3rd period - Mavrik Bourque is hit by Joshua Brown and loses puck.
2:47 of 3rd period - Icing by Matthew Tkachuk.
2:48 of 3rd period - Jimmy Vesey wins face-off versus Jamie Benn in Dallas Stars zone.
2:49 of 3rd period - Shot by Brandon Tanev.
2:49 of 3rd period - Shot Misses the Net.
2:59 of 3rd period - Shot by Jamie Benn.
2:59 of 3rd period - Deflect By Matthew Tkachuk.
2:59 of 3rd period - Shot Misses the Net.
3:01 of 3rd period - Shot by Moritz Seider.
3:01 of 3rd period - Goal by Moritz Seider - Dallas Stars : 4 - Seattle Kraken : 2.
3:01 of 3rd period - Joey Daccord enters game.
3:02 of 3rd period - Linus Karlsson wins face-off versus Jonathan Marchessault in neutral zone.
3:21 of 3rd period - Shot by Yanni Gourde.
3:21 of 3rd period - Stopped by Nico Daws without a rebound.
3:22 of 3rd period - Cole Sillinger wins face-off versus Tyler Seguin in Dallas Stars zone.
3:35 of 3rd period - Shot by Leo Carlsson.
3:35 of 3rd period - Stopped by Joey Daccord without a rebound.
3:36 of 3rd period - Jamie Benn wins face-off versus Jake DeBrusk in Seattle Kraken zone.
3:39 of 3rd period - Shot by Matthew Tkachuk.
3:39 of 3rd period - Deflect By Jamie Benn.
3:39 of 3rd period - Shot Misses the Net.
3:41 of 3rd period - Shot by Moritz Seider.
3:41 of 3rd period - Shot Misses the Net.
3:43 of 3rd period - Shot by Miro Heiskanen.
3:43 of 3rd period - Shot Misses the Net.
3:45 of 3rd period - Shot by Jamie Benn.
3:45 of 3rd period - Stopped by Joey Daccord without a rebound.
3:46 of 3rd period - Logan Cooley wins face-off versus Jack Eichel in Seattle Kraken zone.
3:46 of 3rd period - Logan Cooley is hit by Joshua Brown.
3:50 of 3rd period - Shot by Jonathan Marchessault.
3:50 of 3rd period - Shot Misses the Net.
4:50 of 3rd period - Shot by Jason Robertson.
4:50 of 3rd period - Shot Blocked by Erik Gudbranson.
5:37 of 3rd period - Shot by Leo Carlsson.
5:37 of 3rd period - Goal by Leo Carlsson - Dallas Stars : 5 - Seattle Kraken : 2.
5:38 of 3rd period - Michael McCarron wins face-off versus Yanni Gourde in neutral zone.
5:40 of 3rd period - Minor Penalty to Uvis Balinskis for Hooking.
5:41 of 3rd period - John Hayden wins face-off versus Logan Cooley in Seattle Kraken zone.
5:49 of 3rd period - Icing by Miro Heiskanen.
5:50 of 3rd period - Kyle Connor wins face-off versus Jack Eichel in Dallas Stars zone.
5:50 of 3rd period - Kyle Connor is hit by Jack Eichel.
5:55 of 3rd period - Icing by Miro Heiskanen.
5:56 of 3rd period - Logan Cooley wins face-off versus John Hayden in Dallas Stars zone.
6:19 of 3rd period - Off-side.
6:20 of 3rd period - Tyler Seguin wins face-off versus Leo Carlsson in neutral zone.
6:20 of 3rd period - Tyler Seguin is hit by Matthew Tkachuk.
6:47 of 3rd period - Shot by Moritz Seider.
6:47 of 3rd period - Shot Misses the Net.
6:49 of 3rd period - Shot by Matthew Tkachuk.
6:49 of 3rd period - Shot Blocked by Kyle Burroughs.
6:51 of 3rd period - Shot by Moritz Seider.
6:51 of 3rd period - Shot Misses the Net.
6:53 of 3rd period - Shot by Matthew Tkachuk.
6:53 of 3rd period - Shot Blocked by Kyle Burroughs.
6:55 of 3rd period - Shot by Colton Parayko.
6:55 of 3rd period - Shot Blocked by Ilya Lyubushkin.
7:15 of 3rd period - Shot by Logan Cooley.
7:15 of 3rd period - Shot Misses the Net.
7:29 of 3rd period - Shot by Kyle Connor.
7:29 of 3rd period - Shot Misses the Net.
8:00 of 3rd period - Off-side.
8:01 of 3rd period - Jack Eichel wins face-off versus Cole Sillinger in neutral zone.
8:04 of 3rd period - Moritz Seider is hit by Tye Kartye.
8:16 of 3rd period - Icing by Joshua Norris.
8:17 of 3rd period - Tye Kartye wins face-off versus Jamie Benn in Seattle Kraken zone.
8:17 of 3rd period - Tye Kartye is hit by Jamie Benn.
8:55 of 3rd period - Shot by Linus Karlsson.
8:55 of 3rd period - Stopped by Nico Daws with a rebound.
8:57 of 3rd period - Shot by Linus Karlsson.
8:57 of 3rd period - Shot Blocked by J.J. Moser.
9:07 of 3rd period - Shot by Yanni Gourde.
9:07 of 3rd period - Deflect By Linus Karlsson.
9:07 of 3rd period - Shot Misses the Net.
9:14 of 3rd period - Icing by J.J. Moser.
9:15 of 3rd period - Jake DeBrusk wins face-off versus Jamie Benn in Dallas Stars zone.
9:38 of 3rd period - Brandon Tanev is hit by Alexander Petrovic and loses puck.
10:14 of 3rd period - Jack Eichel is hit by Logan Cooley and loses puck.
10:19 of 3rd period - Shot by Kyle Connor.
10:19 of 3rd period - Stopped by Joey Daccord with a rebound.
11:01 of 3rd period - Icing by John Hayden.
11:02 of 3rd period - Michael McCarron wins face-off versus Linus Karlsson in Seattle Kraken zone.
11:03 of 3rd period - Shot by Colton Parayko.
11:03 of 3rd period - Shot Misses the Net.
11:11 of 3rd period - Shot by Mavrik Bourque.
11:11 of 3rd period - Stopped by Joey Daccord without a rebound.
11:12 of 3rd period - Cole Sillinger wins face-off versus Brandon Tanev in Seattle Kraken zone.
11:12 of 3rd period - Cole Sillinger is hit by Joshua Brown.
12:10 of 3rd period - Shot by Michael McCarron.
12:10 of 3rd period - Shot Blocked by Uvis Balinskis.
12:31 of 3rd period - Uvis Balinskis is hit by Moritz Seider and loses puck.
14:06 of 3rd period - Minor Penalty to Alexander Petrovic for Roughing.
14:07 of 3rd period - Jamie Benn wins face-off versus Tyler Seguin in Dallas Stars zone.
14:18 of 3rd period - Shot by Haydn Fleury.
14:18 of 3rd period - Stopped by Nico Daws with a rebound.
14:20 of 3rd period - Shot by Haydn Fleury.
14:20 of 3rd period - Stopped by Nico Daws with a rebound.
14:22 of 3rd period - Shot by Brandon Tanev.
14:22 of 3rd period - Goal by Brandon Tanev - Dallas Stars : 5 - Seattle Kraken : 3.
14:23 of 3rd period - Cole Sillinger wins face-off versus Tye Kartye in neutral zone.
14:28 of 3rd period - Shot by Cole Sillinger.
14:28 of 3rd period - Stopped by Joey Daccord without a rebound.
14:29 of 3rd period - Tye Kartye wins face-off versus Jason Robertson in Seattle Kraken zone.
14:42 of 3rd period - Shot by Miro Heiskanen.
14:42 of 3rd period - Stopped by Joey Daccord without a rebound.
14:43 of 3rd period - Jake DeBrusk wins face-off versus Cole Sillinger in Seattle Kraken zone.
14:53 of 3rd period - Icing by J.J. Moser.
14:54 of 3rd period - Cole Sillinger wins face-off versus Linus Karlsson in Dallas Stars zone.
15:12 of 3rd period - Linus Karlsson is hit by Alexander Petrovic and loses puck.
16:14 of 3rd period - Shot by Matthew Tkachuk.
16:14 of 3rd period - Shot Hit the Post.
16:23 of 3rd period - Icing by Matthew Tkachuk.
16:24 of 3rd period - Jimmy Vesey wins face-off versus Jamie Benn in Dallas Stars zone.
16:31 of 3rd period - Shot by Jake DeBrusk.
16:31 of 3rd period - Shot Misses the Net.
17:19 of 3rd period - Shot by Jonathan Marchessault.
17:19 of 3rd period - Shot Misses the Net.
17:42 of 3rd period - Shot by Jack Eichel.
17:42 of 3rd period - Stopped by Nico Daws with a rebound.
18:25 of 3rd period - Shot by Cole Sillinger.
18:25 of 3rd period - Shot Misses the Net.
18:47 of 3rd period - Jimmy Vesey is hit by Jonathan Marchessault and loses puck.
19:16 of 3rd period - Shot by Matthew Tkachuk.
19:16 of 3rd period - Shot Misses the Net.
19:20 of 3rd period - Shot by Jamie Benn.
19:20 of 3rd period - Shot Misses the Net.
Goals for this period are 2 for Dallas Stars vs 1 for Seattle Kraken.
Shots for this period are 9 for Dallas Stars vs 6 for Seattle Kraken.